 Seeded DCSS version 0.30.1-9-gdf580d7c3d (webtiles) character file.

Game seed: 920673320228942481 (custom seed)

1416 Psyclone the Magician (level 8, 0/41 HPs)
             Began as a Deep Elf Conjurer on Sept 30, 2023.
             Slain by an orc
             ... wielding a +0 short sword
              (4 damage)
             ... on level 6 of the Dungeon.
             The game lasted 00:04:12 (1818 turns).

Psyclone the Magician (Deep Elf Conjurer)           Turns: 1818, Time: 00:04:12

Health: 0/41       AC:  2    Str:  4    XL:     8   Next: 43%
Magic:  21/21      EV: 15    Int: 24    God:
Gold:   168        SH:  0    Dex: 15    Spells: 20/21 levels left

rFire   . . .        d - +27 heavy crossbow "Sniper" {heavy, Acc+∞ SInv}
rCold   . . .        (shield currently unavailable)
rNeg    . . .        a - +0 robe
rPois   .            (no helmet)
rElec   .            (no cloak)
rCorr   .            (no gloves)
SInv    +            (no boots)
Will    .....        (no amulet)
Stlth   ++++         (no ring)
HPRegen 0.26/turn    (no ring)
MPRegen 0.17/turn

%: no passive effects
@: no status effects
A: no striking features
a: no special abilities


You were on level 6 of the Dungeon.
You visited 1 branch of the dungeon, and saw 6 of its levels.

You collected 168 gold pieces.

Inventory:

Hand Weapons
 d - the +27 heavy crossbow "Sniper" (weapon) {heavy, Acc+∞ SInv}
   (You acquired it on level 1 of the Dungeon)

   Acc+∞: It never misses its target.
   SInv:      It lets you see invisible.
Armour
 a - a +0 robe (worn)
Jewellery
 g - an amulet of the acrobat
 q - the amulet "Deiwnuuf" {Spirit rPois Str+4}
   (You found it on level 5 of the Dungeon)

   [amulet of guardian spirit]

   It causes incoming damage to be divided between your reserves of health and
   magic.
   Str:       It affects your strength (+4).
   rPois:     It protects you from poison.
Wands
 l - a wand of polymorph (6)
 o - a wand of paralysis (9)
Scrolls
 c - 2 scrolls of acquirement
 k - 3 scrolls of teleportation {unknown}
 n - a scroll of vulnerability {unknown}
 p - a scroll of enchant weapon {unknown}
 r - 4 scrolls of noise {unknown}
 s - a scroll of fear {unknown}
 t - 2 scrolls of fog {unknown}
Potions
 b - a potion of magic
 e - 3 potions of heal wounds {unknown}
 f - 2 potions of curing {unknown}
 h - 2 potions of degeneration {unknown}
 i - a potion of ambrosia {unknown}
 j - a potion of might {unknown}
 m - a potion of resistance {unknown}


   Skills:
 + Level 6.7 Dodging
 + Level 7.1 Stealth
 + Level 7.4 Spellcasting
 + Level 7.2 Conjurations


You had 20 spell levels left.
You knew the following spells:

 Your Spells              Type           Power      Damage    Failure   Level
a - Magic Dart            Conj           100%       1d8       1%          1

Your spell library contained the following spells:

 Spells                   Type           Power      Damage    Failure   Level
 Searing Ray              Conj           86%        2d7       1%          2
 Dazzling Flash           Conj/Hex       52%        N/A       4%          3
 Stone Arrow              Conj/Erth      52%        3d10      4%          3
 Sandblast                Erth           16%        2d6       7%          1
 Mephitic Cloud           Conj/Pois/Air  20%        N/A       8%          3
 Blink                    Tloc           16%        N/A       11%         2
 Passwall                 Tmut/Erth      6%         N/A       11%         2
 Poisonous Vapours        Pois/Air       16%        N/A       11%         2
 Fulminant Prism          Conj/Hex       13%        3d8       16%         4
 Iskenderun's Mystic Bla  Conj/Tloc      26%        2d7       16%         4
 Manifold Assault         Tloc           8%         N/A       56%         4
 Freezing Cloud           Conj/Ice/Air   10%        6-21      56%         5
 Storm Form               Tmut/Air       4%         N/A       100%        7


Dungeon Overview and Level Annotations

Branches:
Dungeon (6/15) Zot: 26690  Temple (0/1) D:6

Altars:
Ru


Message History

You shoot a bolt. The orc shouts!
The bolt hits the kobold brigand!!!
You kill the kobold brigand!
A centaur comes into view.
The kobold closely misses you.
Fire: d) +27 heavy crossbow "Sniper" {heavy, Acc+∞ SInv}
Press: ? - help, Q - select action, (/) - cycle Shift-Dir - straight line, f - kobold
Aim: a kobold, wielding a +0 club (100% to hit)
You shoot a bolt. The centaur shouts!
The bolt hits the kobold!!
You kill the kobold!
The kobold misses you. The kobold completely misses you.
The orc barely misses you.
Fire: d) +27 heavy crossbow "Sniper" {heavy, Acc+∞ SInv}
Press: ? - help, Q - select action, (/) - cycle Shift-Dir - straight line, f - kobold
Aim: a kobold, wielding a +0 short sword (100% to hit)
You shoot a bolt. The bolt hits the kobold!!!
You kill the kobold!
The orc hits you with a +0 short sword. The orc closely misses you.
The orc hits you with a +0 short sword. The orc hits you with a +0 hand axe.
The orc hits you but does no damage. The orc misses you.
The orc closely misses you. The orc completely misses you.
You take 11 damage, and have 30/41 hp.
MASSIVE DAMAGE!!
MP restored: 21 Fire: d) +27 heavy crossbow "Sniper" {heavy, Acc+∞ SInv}
Press: ? - help, Q - select action, (/) - cycle Shift-Dir - straight line, f - orc
Aim: an orc, wielding a +0 hand axe and wearing a +0 leather armour (100% to hit)
You shoot a bolt. The bolt hits the orc!!
You kill the orc!
The centaur wields a +0 shortbow.
The centaur shoots an arrow.
The arrow hits you!
The centaur shoots an arrow.
The arrow hits you!
* * * LOW HITPOINT WARNING * * *
The orc barely misses you. The orc hits you with a +0 short sword.
* * * LOW HITPOINT WARNING * * *
The centaur unwields a +0 shortbow.
The centaur hits you.
* * * LOW HITPOINT WARNING * * *
The centaur misses you. The orc hits you with a +0 short sword.
You die...

####......######
............#
####.##.##### #.
#...## #.
###<.## ##..#
##.## #..# #@)#
#oc.# #o### .o
..K ..⌠. .....
..>...


You could see a centaur, 3 orcs and a kobold.

Vanquished Creatures
  Sigmund (D:4)
  Menkaure (D:5)
  A steam dragon (D:6)
  2 ogres
  A phantom (D:6)
  A kobold brigand (D:6)
  Blork the orc (D:4)
  3 scorpions
  3 wights (D:5)
  An orc priest (D:6)
  3 hounds
  An iguana (D:5)
  Ijyb (D:5)
  An orc wizard (D:5)
  Robin (D:4)
  3 gnolls (D:5)
  3 adders
  A white imp (D:5)
  A dart slug (D:2)
  10 orcs
  2 endoplasms
  5 goblins (D:4)
  5 hobgoblins (D:4)
  A quokka (D:4)
  6 ball pythons
  A bat (D:1)
  6 kobolds
66 creatures vanquished.

Notes
Turn   | Place    | Note
-------+----------+-------------------------------------------
     0 | D:1      | Psyclone the Deep Elf Conjurer began the quest for the Orb.
     0 | D:1      | Reached XP level 1. HP: 10/10 MP: 6/6
    85 | D:1      | Identified 3 scrolls of acquirement
    85 | D:1      | Acquired the +27 heavy crossbow "Sniper" {heavy, Acc+∞
                  | SInv}
    85 | D:1      | Found the +27 heavy crossbow "Sniper" {heavy, Acc+∞ SInv}
   488 | D:2      | Reached XP level 2. HP: 11/15 MP: 8/8
   597 | D:4      | Noticed Sigmund
   598 | D:4      | Killed Sigmund
   599 | D:4      | Reached skill level 5 in Conjurations
   599 | D:4      | Reached XP level 3. HP: 19/19 MP: 8/10
   599 | D:4      | Reached XP level 4. HP: 24/24 MP: 9/12
   599 | D:4      | Reached XP level 5. HP: 28/28 MP: 9/13
   668 | D:4      | Noticed Blork the orc
   671 | D:4      | Killed Blork the orc
   814 | D:4      | Noticed Robin
   818 | D:4      | Killed Robin
   819 | D:4      | Reached XP level 6. HP: 18/32 MP: 15/15
  1051 | D:5      | Entered Level 5 of the Dungeon
  1053 | D:5      | Reached skill level 5 in Spellcasting
  1084 | D:5      | Reached skill level 5 in Stealth
  1090 | D:5      | Noticed Ijyb
  1093 | D:5      | Killed Ijyb
  1128 | D:5      | Reached skill level 5 in Dodging
  1128 | D:5      | Reached XP level 7. HP: 36/36 MP: 17/17
  1141 | D:5      | Noticed Menkaure
  1143 | D:5      | Killed Menkaure
  1155 | D:5      | Identified the amulet "Deiwnuuf" {Spirit rPois Str+4}
  1515 | D:5      | Found a sacrificial altar of Ru.
  1563 | D:6      | Reached XP level 8. HP: 6/41 MP: 18/20
  1812 | D:6      | Found a staircase to the Ecumenical Temple.
  1818 | D:6      | Slain by an orc

Illustrated notes

Levels and vault maps discovered:
D:1:      dpeg_arrival_orchard, layout_basic
D:2:      layout_loops_corners, uniq_natasha, uniq_crazy_yiuf_cottage
D:3:      layout_basic, serial_shops, nicolae_shop_stone, shop
D:4:      layout_basic, nicolae_figureground_sparkle, uniq_sigmund, uniq_robin,
          uniq_blork_the_orc
D:5:      layout_cave_pools, nicolae_ru_path_of_blood, minmay_quadrilaterals,
          uniq_menkaure, uniq_ijyb
D:6:      cheibrodos_barr_body, layout_rooms, lemuel_doored_altar,
          minmay_temple_entry_large_hall, hangedman_decor_growths,
          minmay_fractal_squares_gapless_5

Skill      XL: |  1  2  3  4  5  6  7  8 |
---------------+-------------------------+-----
Dodging        | 3 4 5 6 |  6.7
Stealth        | 4 5 6 7 |  7.1
Spellcasting   | 4 5 6 7 |  7.4
Conjurations   | 5 6 7 |  7.2

Action                     |  1- 3 |  4- 6 |  7- 9 || total
---------------------------+-------+-------+-------++-------
   Fire: Heavy crossbow    |    11 |    29 |    33 ||    73
   Cast: Magic Dart        |     1 |       |       ||     1
    Use: Scroll            |     1 |       |       ||     1
 Armour: Robe              |       |     4 |     1 ||     5
  Dodge: Dodged            |       |    18 |    26 ||    44
